[ PARTIDA AOE2 · #484940323 ]
UnrankedJaponeses vs Wei
Equipo del jugador · VICT
Equipo rival · DERR
[ ANÁLISIS DE REPETICIÓN · EXTRAÍDO DE LA PARTIDA GRABADA ]
Feudal
13:56
Castillos
18:41
Imperial
39:45
| APM promedio | 17.2 |
| APM pico | 89 |
| eAPM promedio | 8.6 |
| Aldeanos / militares | 146 / 73 |
Foco
⚔️ 18.3% · 🌾 81.7%
Cavalry Archer ×71 · Trebuchet (Packed) ×2
Feudal
—
Castillos
—
Imperial
—
| APM promedio | 12.4 |
| APM pico | 43 |
| eAPM promedio | 10.2 |
| Aldeanos / militares | 119 / 89 |
Foco
⚔️ 20.7% · 🌾 79.3%
Knight ×67 · Throwing Axeman ×11 · Spearman ×4 · Skirmisher ×3 · Trebuchet (Packed) ×3 · Monk ×1
Feudal
10:00
Castillos
22:38
Imperial
—
| APM promedio | 54.8 |
| APM pico | 89 |
| eAPM promedio | 21.9 |
| Aldeanos / militares | 154 / 18 |
Foco
⚔️ 33.2% · 🌾 66.8%
Unknown (1952) ×51 · Unknown (1949) ×42 · Battering Ram ×8 · Archer ×7 · Monk ×2 · Spearman ×1
Feudal
11:49
Castillos
25:43
Imperial
35:05
| APM promedio | 15.4 |
| APM pico | 41 |
| eAPM promedio | 12.2 |
| Aldeanos / militares | 122 / 15 |
Foco
⚔️ 12.4% · 🌾 87.6%
Trebuchet (Packed) ×10 · Trade Cart ×5 · Camel Scout ×3 · Monk ×2
Feudal
10:38
Castillos
21:34
Imperial
39:25
| APM promedio | 33.0 |
| APM pico | 81 |
| eAPM promedio | 15.3 |
| Aldeanos / militares | 126 / 43 |
Foco
⚔️ 21.2% · 🌾 78.8%
Steppe Lancer ×23 · Scout Cavalry ×6 · Mangonel ×5 · Knight ×5 · Mangudai ×4
Feudal
11:07
Castillos
22:38
Imperial
44:06
| APM promedio | 27.8 |
| APM pico | 64 |
| eAPM promedio | 14.2 |
| Aldeanos / militares | 71 / 79 |
Foco
⚔️ 33.9% · 🌾 66.1%
Cavalry Archer ×25 · Battle Elephant ×25 · Spearman ×13 · Archer ×6 · Skirmisher ×6 · Fire Lancer ×2
Feudal
10:38
Castillos
22:09
Imperial
38:07
| APM promedio | 21.4 |
| APM pico | 45 |
| eAPM promedio | 10.0 |
| Aldeanos / militares | 71 / 43 |
Foco
⚔️ 26.9% · 🌾 73.1%
Spearman ×39 · Unknown (1974) ×39 · Unknown (1968) ×10 · Skirmisher ×2 · Monk ×2
Mapa de la partida
Recursos iniciales + cada clic de construcción. Líneas = muros · curvas = relieve. ◆ oro · ⬟ piedra · ● bayas · ✦ reliquia · ◌ hueco del cierre
Tu base· ✓ Cerrada en 18:41 · 84t muro · 2 puerta(s)
Base de HeadsetedVix· Abierta — flanco sin cerrar
Base de Skyrend· Abierta — hueco de 6t
Base de Ozs.King· ✓ Cerrada en 25:43 · 94t muro · 3 puerta(s)
Base de JunZero· Abierta — flanco sin cerrar
Base de Jhoan17· ✓ Cerrada en 22:38 · 30t muro · sin puerta
Base de Sabadier· Abierta — hueco de 5t
Terreno inicial suavizado · ◌ = hueco del cierre detectado · pasá el cursor para detalles
Inputs por minuto
— Rasslord - - HeadsetedVix
Build order — Rasslord
Primeras 150 de 270 acciones detectadas
| 0:01 | Investigar | Loom |
| 0:02 | Crear | Villager (Male) |
| 0:02 | Crear | Villager (Male) |
| 0:02 | Crear | Villager (Male) |
| 0:03 | Crear | Villager (Male) |
| 0:03 | Crear | Villager (Male) |
| 0:05 | Construir | House |
| 0:07 | Construir | House |
| 0:10 | Construir | House |
| 1:52 | Crear | Villager (Male) |
| 1:52 | Crear | Villager (Male) |
| 1:52 | Crear | Villager (Male) |
| 2:19 | Crear | Villager (Male) |
| 2:19 | Crear | Villager (Male) |
| 3:04 | Crear | Villager (Male) |
| 3:04 | Crear | Villager (Male) |
| 3:04 | Crear | Villager (Male) |
| 3:40 | Crear | Villager (Male) |
| 3:40 | Crear | Villager (Male) |
| 4:01 | Construir | Lumber Camp |
| 4:36 | Crear | Villager (Male) |
| 4:37 | Crear | Villager (Male) |
| 4:37 | Crear | Villager (Male) |
| 4:37 | Crear | Villager (Male) |
| 4:37 | Crear | Villager (Male) |
| 5:13 | Crear | Villager (Male) |
| 5:13 | Crear | Villager (Male) |
| 5:29 | Construir | House |
| 5:36 | Construir | House |
| 5:55 | Crear | Villager (Male) |
| 5:55 | Crear | Villager (Male) |
| 5:55 | Crear | Villager (Male) |
| 5:56 | Crear | Villager (Male) |
| 5:56 | Crear | Villager (Male) |
| 5:56 | Crear | Villager (Male) |
| 5:57 | Crear | Villager (Male) |
| 6:08 | Construir | Palisade Wall |
| 6:22 | Crear | Villager (Male) |
| 7:13 | Construir | Mill |
| 7:21 | Crear | Villager (Male) |
| 7:36 | Construir | Palisade Gate |
| 7:46 | Crear | Villager (Male) |
| 7:47 | Crear | Villager (Male) |
| 7:47 | Crear | Villager (Male) |
| 7:47 | Crear | Villager (Male) |
| 7:47 | Crear | Villager (Male) |
| 7:58 | Construir | Palisade Wall |
| 8:14 | Construir | House |
| 8:15 | Construir | House |
| 8:16 | Construir | House |
| 9:05 | Construir | Palisade Wall |
| 9:24 | Construir | Palisade Wall |
| 9:31 | Construir | Palisade Wall |
| 9:53 | Construir | Palisade Gate |
| 10:39 | Construir | Farm |
| 10:39 | Construir | Farm |
| 10:40 | Construir | Farm |
| 10:40 | Construir | Farm |
| 10:40 | Construir | Farm |
| 10:55 | Construir | Mining Camp |
| 11:46 | Investigar | Feudal Age |
| 11:58 | Construir | Palisade Wall |
| 12:13 | Construir | Palisade Gate |
| 12:31 | Crear | Villager (Male) ×5 |
| 13:08 | Construir | Barracks |
| 13:14 | Construir | Palisade Wall |
| 13:56 | Edad | Edad Feudal |
| 14:00 | Construir | Market |
| 14:05 | Construir | Blacksmith |
| 14:59 | Construir | Archery Range |
| 15:01 | Construir | Archery Range |
| 15:33 | Construir | House |
| 15:35 | Construir | House |
| 15:45 | Construir | Lumber Camp |
| 15:56 | Investigar | Castle Age |
| 16:23 | Construir | Archery Range |
| 16:32 | Construir | House |
| 16:33 | Construir | House |
| 16:35 | Construir | House |
| 16:44 | Investigar | Double-Bit Axe |
| 17:00 | Investigar | Gold Mining |
| 17:32 | Construir | House |
| 17:33 | Construir | House |
| 17:42 | Construir | House |
| 17:45 | Construir | House |
| 18:05 | Investigar | Horse Collar |
| 18:10 | Crear | Villager (Male) |
| 18:10 | Crear | Villager (Male) |
| 18:10 | Crear | Villager (Male) |
| 18:11 | Crear | Villager (Male) |
| 18:32 | Construir | Farm |
| 18:32 | Construir | Farm |
| 18:32 | Construir | Farm |
| 18:33 | Construir | Farm |
| 18:37 | Crear | Villager (Male) |
| 18:41 | Edad | Edad de los Castillos |
| 18:46 | Crear | Cavalry Archer ×5 |
| 18:50 | Crear | Cavalry Archer |
| 19:08 | Construir | University |
| 20:10 | Construir | Town Center |
| 20:16 | Construir | Farm |
| 20:22 | Investigar | Wheelbarrow |
| 20:30 | Investigar | Ballistics |
| 20:43 | Construir | Farm |
| 20:45 | Construir | Farm |
| 20:55 | Investigar | Town Watch |
| 21:10 | Crear | Cavalry Archer |
| 21:11 | Crear | Cavalry Archer |
| 21:15 | Crear | Cavalry Archer |
| 21:16 | Crear | Cavalry Archer |
| 21:37 | Crear | Cavalry Archer |
| 22:02 | Investigar | Fletching |
| 22:10 | Crear | Villager (Male) ×2 |
| 22:22 | Construir | Lumber Camp |
| 22:58 | Crear | Villager (Male) ×4 |
| 23:17 | Investigar | Bodkin Arrow |
| 23:29 | Crear | Villager (Male) |
| 23:37 | Crear | Villager (Male) |
| 23:44 | Crear | Cavalry Archer ×3 |
| 24:03 | Investigar | Scale Mail Armor |
| 24:16 | Crear | Villager (Male) |
| 24:17 | Crear | Villager (Male) |
| 24:24 | Crear | Villager (Male) |
| 24:25 | Crear | Villager (Male) |
| 24:35 | Crear | Cavalry Archer ×4 |
| 24:46 | Construir | Farm |
| 24:46 | Construir | Farm |
| 24:46 | Construir | Farm |
| 24:46 | Construir | Farm |
| 24:47 | Construir | Farm |
| 24:47 | Construir | Farm |
| 24:47 | Construir | Farm |
| 24:56 | Crear | Villager (Male) |
| 24:57 | Crear | Villager (Male) |
| 24:57 | Crear | Villager (Male) |
| 24:57 | Crear | Villager (Male) |
| 25:19 | Crear | Cavalry Archer ×3 |
| 25:54 | Investigar | Scale Barding Armor |
| 26:03 | Crear | Villager (Male) |
| 26:03 | Crear | Villager (Male) |
| 26:04 | Crear | Villager (Male) |
| 26:29 | Crear | Villager (Male) ×3 |
| 26:41 | Crear | Villager (Male) |
| 27:00 | Investigar | Chain Barding Armor |
| 27:02 | Investigar | Padded Archer Armor |
| 27:20 | Crear | Villager (Male) |
| 27:20 | Crear | Villager (Male) |
| 28:19 | Investigar | Thumb Ring |
| 28:23 | Crear | Cavalry Archer ×5 |
| 28:23 | Crear | Cavalry Archer ×5 |
Build order — HeadsetedVix
Primeras 150 de 295 acciones detectadas
| 0:02 | Crear | Villager (Male) |
| 0:02 | Crear | Villager (Male) |
| 0:02 | Crear | Villager (Male) |
| 0:03 | Crear | Villager (Male) |
| 0:05 | Construir | House |
| 0:08 | Construir | House |
| 1:07 | Crear | Villager (Male) |
| 1:54 | Construir | Lumber Camp |
| 2:25 | Crear | Villager (Male) |
| 2:25 | Crear | Villager (Male) |
| 3:01 | Crear | Villager (Male) |
| 3:01 | Crear | Villager (Male) |
| 3:24 | Construir | House |
| 3:53 | Construir | House |
| 5:28 | Construir | Mill |
| 5:34 | Crear | Villager (Male) |
| 5:34 | Crear | Villager (Male) |
| 5:34 | Crear | Villager (Male) |
| 5:35 | Crear | Villager (Male) |
| 8:08 | Crear | Villager (Male) |
| 8:15 | Investigar | Loom |
| 8:35 | Construir | Barracks |
| 8:50 | Investigar | Feudal Age |
| 10:04 | Construir | House |
| 10:09 | Construir | House |
| 10:15 | Construir | Palisade Wall |
| 11:03 | Crear | Villager (Male) |
| 11:04 | Crear | Villager (Male) |
| 11:13 | Construir | Blacksmith |
| 12:25 | Crear | Villager (Male) |
| 12:25 | Crear | Villager (Male) |
| 12:41 | Construir | Mill |
| 12:48 | Crear | Villager (Male) |
| 13:11 | Construir | Stable |
| 13:18 | Construir | Palisade Wall |
| 13:47 | Construir | Farm |
| 13:48 | Construir | Farm |
| 14:38 | Construir | Market |
| 14:45 | Construir | Palisade Wall |
| 14:53 | Crear | Villager (Male) |
| 14:53 | Crear | Villager (Male) |
| 14:54 | Crear | Villager (Male) |
| 15:07 | Construir | Mining Camp |
| 15:48 | Crear | Villager (Male) |
| 15:48 | Crear | Villager (Male) |
| 16:14 | Construir | Farm |
| 16:21 | Construir | Farm |
| 16:24 | Construir | Farm |
| 16:39 | Construir | Farm |
| 16:47 | Construir | Farm |
| 16:53 | Construir | Farm |
| 17:22 | Construir | Lumber Camp |
| 17:40 | Investigar | Double-Bit Axe |
| 17:54 | Construir | Palisade Wall |
| 18:05 | Investigar | Wheelbarrow |
| 18:45 | Construir | Archery Range |
| 19:05 | Crear | Spearman |
| 19:05 | Crear | Spearman |
| 19:06 | Crear | Spearman |
| 19:06 | Crear | Spearman |
| 19:25 | Construir | House |
| 19:27 | Construir | House |
| 19:30 | Construir | House |
| 19:47 | Crear | Villager (Male) |
| 19:48 | Crear | Villager (Male) |
| 19:50 | Investigar | Castle Age |
| 20:02 | Construir | Palisade Wall |
| 20:40 | Construir | Farm |
| 20:58 | Construir | Farm |
| 20:58 | Construir | Farm |
| 21:00 | Construir | Farm |
| 21:10 | Construir | Farm |
| 21:22 | Construir | Farm |
| 21:44 | Construir | Mill |
| 21:59 | Crear | Villager (Male) |
| 21:59 | Crear | Villager (Male) |
| 22:16 | Crear | Skirmisher |
| 22:16 | Crear | Skirmisher |
| 22:16 | Crear | Skirmisher |
| 23:01 | Investigar | Gold Mining |
| 23:01 | Investigar | Stone Mining |
| 23:16 | Investigar | Padded Archer Armor |
| 23:16 | Investigar | Fletching |
| 23:21 | Investigar | Scale Barding Armor |
| 23:22 | Investigar | Forging |
| 23:25 | Investigar | Scale Mail Armor |
| 23:47 | Crear | Villager (Male) |
| 23:48 | Crear | Villager (Male) |
| 23:59 | Construir | Town Center |
| 24:36 | Construir | Town Center |
| 25:24 | Construir | Mining Camp |
| 25:29 | Crear | Villager (Male) |
| 25:29 | Crear | Villager (Male) |
| 25:29 | Crear | Villager (Male) |
| 25:29 | Crear | Villager (Male) |
| 25:30 | Crear | Villager (Male) |
| 25:30 | Crear | Villager (Male) |
| 25:30 | Crear | Villager (Male) |
| 26:01 | Investigar | Husbandry |
| 26:02 | Crear | Knight |
| 26:03 | Crear | Knight |
| 26:03 | Crear | Knight |
| 26:21 | Construir | Farm |
| 26:27 | Construir | Farm |
| 26:43 | Investigar | Bow Saw |
| 26:57 | Crear | Villager (Male) |
| 26:58 | Crear | Villager (Male) |
| 26:58 | Crear | Villager (Male) |
| 26:58 | Crear | Villager (Male) |
| 26:58 | Crear | Villager (Male) |
| 26:59 | Crear | Villager (Male) |
| 26:59 | Crear | Villager (Male) |
| 27:00 | Crear | Villager (Male) |
| 27:00 | Crear | Villager (Male) |
| 27:00 | Crear | Villager (Male) |
| 27:01 | Crear | Villager (Male) |
| 27:01 | Crear | Villager (Male) |
| 27:02 | Crear | Villager (Male) |
| 27:27 | Construir | House |
| 27:40 | Construir | House |
| 27:43 | Construir | House |
| 27:45 | Construir | House |
| 27:47 | Construir | House |
| 28:00 | Crear | Villager (Male) |
| 28:00 | Crear | Villager (Male) |
| 28:01 | Crear | Villager (Male) |
| 28:26 | Construir | Stable |
| 28:34 | Construir | Farm |
| 28:34 | Construir | Farm |
| 28:35 | Construir | Farm |
| 29:04 | Crear | Villager (Male) |
| 29:04 | Crear | Villager (Male) |
| 29:05 | Crear | Villager (Male) |
| 29:05 | Crear | Villager (Male) |
| 29:05 | Crear | Villager (Male) |
| 29:05 | Crear | Villager (Male) |
| 29:06 | Crear | Villager (Male) |
| 29:06 | Crear | Villager (Male) |
| 29:06 | Crear | Villager (Male) |
| 29:19 | Construir | Farm |
| 29:19 | Construir | Farm |
| 29:19 | Construir | Farm |
| 29:19 | Construir | Farm |
| 29:46 | Crear | Villager (Male) |
| 29:46 | Crear | Villager (Male) |
| 29:46 | Crear | Villager (Male) |
| 29:46 | Crear | Villager (Male) |
| 29:47 | Crear | Villager (Male) |
| 29:47 | Crear | Villager (Male) |
| 29:47 | Crear | Villager (Male) |
Build order — Skyrend
Primeras 150 de 429 acciones detectadas
| 0:02 | Crear | Villager (Male) |
| 0:02 | Crear | Villager (Male) |
| 0:02 | Crear | Villager (Male) |
| 0:04 | Construir | House |
| 0:05 | Construir | House |
| 0:16 | Crear | Villager (Male) |
| 0:16 | Crear | Villager (Male) |
| 1:15 | Crear | Villager (Male) |
| 1:43 | Crear | Villager (Male) |
| 1:44 | Crear | Villager (Male) |
| 2:00 | Construir | Lumber Camp |
| 2:20 | Crear | Villager (Male) |
| 2:38 | Crear | Villager (Male) |
| 2:38 | Crear | Villager (Male) |
| 2:55 | Crear | Villager (Male) |
| 2:55 | Crear | Villager (Male) |
| 3:32 | Crear | Villager (Male) |
| 3:32 | Crear | Villager (Male) |
| 3:49 | Crear | Villager (Male) |
| 3:49 | Crear | Villager (Male) |
| 3:54 | Construir | House |
| 3:55 | Construir | House |
| 4:08 | Crear | Villager (Male) |
| 4:08 | Crear | Villager (Male) |
| 4:35 | Construir | House |
| 5:02 | Crear | Villager (Male) |
| 5:37 | Crear | Villager (Male) |
| 6:00 | Crear | Villager (Male) |
| 6:07 | Construir | Mill |
| 6:14 | Crear | Villager (Male) |
| 6:55 | Crear | Villager (Male) |
| 7:25 | Investigar | Loom |
| 7:47 | Investigar | Feudal Age |
| 8:34 | Construir | Barracks |
| 8:42 | Construir | House |
| 9:01 | Crear | Villager (Male) |
| 9:05 | Construir | Palisade Wall |
| 9:33 | Construir | Palisade Wall |
| 9:38 | Construir | Palisade Wall |
| 9:40 | Construir | Palisade Wall |
| 9:50 | Construir | Palisade Wall |
| 9:51 | Crear | Villager (Male) |
| 10:00 | Edad | Edad Feudal |
| 10:01 | Construir | Archery Range |
| 10:03 | Crear | Villager (Male) |
| 10:08 | Investigar | Double-Bit Axe |
| 10:09 | Investigar | Double-Bit Axe |
| 10:31 | Construir | Palisade Wall |
| 10:32 | Crear | Villager (Male) |
| 10:47 | Construir | Mining Camp |
| 10:57 | Crear | Archer |
| 11:18 | Crear | Villager (Male) |
| 11:38 | Construir | Palisade Wall |
| 11:41 | Construir | House |
| 11:45 | Crear | Archer |
| 11:45 | Crear | Archer |
| 12:03 | Crear | Villager (Male) |
| 12:16 | Construir | Palisade Wall |
| 12:20 | Crear | Villager (Male) |
| 12:33 | Construir | House |
| 12:34 | Construir | House |
| 12:35 | Crear | Villager (Male) |
| 12:37 | Crear | Archer |
| 12:44 | Investigar | Horse Collar |
| 12:44 | Investigar | Horse Collar |
| 12:54 | Construir | Blacksmith |
| 13:00 | Construir | Palisade Wall |
| 13:04 | Crear | Villager (Male) |
| 13:05 | Crear | Archer |
| 13:29 | Crear | Villager (Male) |
| 13:30 | Crear | Archer |
| 13:42 | Investigar | Fletching |
| 13:42 | Investigar | Fletching |
| 14:05 | Crear | Villager (Male) |
| 14:11 | Crear | Villager (Male) |
| 14:14 | Crear | Spearman |
| 14:19 | Construir | Palisade Gate |
| 14:20 | Crear | Villager (Male) |
| 14:32 | Crear | Villager (Male) |
| 14:41 | Crear | Villager (Male) |
| 14:51 | Construir | Farm |
| 15:00 | Construir | Mining Camp |
| 15:12 | Crear | Villager (Male) |
| 15:35 | Construir | Farm |
| 15:35 | Construir | Farm |
| 15:35 | Construir | Farm |
| 15:48 | Construir | House |
| 15:56 | Construir | Farm |
| 15:59 | Construir | Farm |
| 16:22 | Construir | House |
| 16:22 | Crear | Villager (Male) |
| 16:23 | Crear | Villager (Male) |
| 17:07 | Construir | House |
| 17:09 | Crear | Villager (Male) |
| 17:15 | Construir | Farm |
| 17:16 | Construir | Farm |
| 17:16 | Construir | Farm |
| 17:23 | Construir | Palisade Gate |
| 17:52 | Construir | Farm |
| 17:53 | Construir | Farm |
| 17:55 | Construir | Farm |
| 17:56 | Construir | Farm |
| 18:39 | Crear | Villager (Male) |
| 18:58 | Crear | Villager (Male) |
| 19:00 | Construir | Market |
| 19:39 | Crear | Villager (Male) |
| 19:57 | Construir | Farm |
| 19:58 | Investigar | Castle Age |
| 19:58 | Investigar | Castle Age |
| 20:04 | Construir | Lumber Camp |
| 20:34 | Construir | Stable |
| 21:31 | Construir | House |
| 21:31 | Construir | House |
| 21:38 | Investigar | Bloodlines |
| 21:43 | Investigar | Scale Barding Armor |
| 22:13 | Investigar | Stone Mining |
| 22:13 | Investigar | Gold Mining |
| 22:20 | Construir | Archery Range |
| 22:38 | Edad | Edad de los Castillos |
| 22:41 | Crear | Villager (Male) |
| 22:43 | Crear | Villager (Male) |
| 22:52 | Construir | Castle |
| 23:06 | Crear | Unit 1952 |
| 23:14 | Crear | Unit 1952 |
| 23:14 | Crear | Unit 1952 |
| 23:15 | Crear | Villager (Male) |
| 23:16 | Crear | Villager (Male) |
| 23:29 | Investigar | Bow Saw |
| 23:29 | Investigar | Bow Saw |
| 23:55 | Investigar | Bodkin Arrow |
| 24:05 | Crear | Unit 1949 |
| 24:46 | Crear | Villager (Male) |
| 24:46 | Crear | Villager (Male) |
| 24:52 | Crear | Villager (Male) |
| 24:52 | Crear | Villager (Male) |
| 24:57 | Construir | Siege Workshop |
| 24:58 | Crear | Unit 1949 |
| 24:58 | Crear | Unit 1949 |
| 25:02 | Construir | Farm |
| 25:02 | Construir | Farm |
| 25:02 | Construir | Farm |
| 25:03 | Construir | Farm |
| 25:03 | Construir | Farm |
| 25:03 | Construir | Farm |
| 25:13 | Construir | Town Center |
| 25:17 | Crear | Villager (Male) |
| 25:23 | Crear | Unit 1949 |
| 25:23 | Crear | Unit 1949 |
| 25:36 | Construir | House |
| 25:46 | Crear | Villager (Male) |
Build order — Ozs.King
Primeras 150 de 301 acciones detectadas
| 0:03 | Crear | Villager (Male) |
| 0:05 | Crear | Villager (Male) |
| 0:05 | Crear | Villager (Male) |
| 0:05 | Crear | Villager (Male) |
| 0:05 | Crear | Villager (Male) |
| 0:05 | Crear | Villager (Male) |
| 0:05 | Crear | Villager (Male) |
| 0:15 | Construir | House |
| 0:19 | Construir | House |
| 0:29 | Construir | House |
| 2:04 | Construir | Lumber Camp |
| 2:24 | Crear | Villager (Male) |
| 2:27 | Crear | Villager (Male) |
| 2:27 | Crear | Villager (Male) |
| 2:27 | Crear | Villager (Male) |
| 2:27 | Crear | Villager (Male) |
| 3:56 | Crear | Villager (Male) |
| 3:56 | Crear | Villager (Male) |
| 3:56 | Crear | Villager (Male) |
| 3:56 | Crear | Villager (Male) |
| 4:28 | Construir | House |
| 5:20 | Crear | Villager (Male) |
| 5:20 | Crear | Villager (Male) |
| 5:20 | Crear | Villager (Male) |
| 5:20 | Crear | Villager (Male) |
| 5:21 | Crear | Villager (Male) |
| 6:16 | Construir | Mill |
| 7:25 | Crear | Villager (Male) |
| 7:25 | Crear | Villager (Male) |
| 7:25 | Crear | Villager (Male) |
| 7:25 | Crear | Villager (Male) |
| 7:25 | Crear | Villager (Male) |
| 7:27 | Crear | Villager (Male) |
| 7:27 | Crear | Villager (Male) |
| 7:27 | Crear | Villager (Male) |
| 7:27 | Crear | Villager (Male) |
| 7:27 | Crear | Villager (Male) |
| 8:00 | Crear | Villager (Male) |
| 8:00 | Crear | Villager (Male) |
| 8:00 | Crear | Villager (Male) |
| 8:00 | Crear | Villager (Male) |
| 8:27 | Construir | Lumber Camp |
| 8:40 | Construir | House |
| 8:51 | Construir | House |
| 9:24 | Investigar | Feudal Age |
| 9:57 | Crear | Villager (Male) |
| 9:57 | Crear | Villager (Male) |
| 9:57 | Crear | Villager (Male) |
| 9:57 | Crear | Villager (Male) |
| 9:58 | Crear | Villager (Male) |
| 9:58 | Crear | Villager (Male) |
| 10:27 | Construir | House |
| 10:31 | Construir | House |
| 11:31 | Crear | Villager (Male) |
| 11:31 | Crear | Villager (Male) |
| 11:49 | Edad | Edad Feudal |
| 11:57 | Construir | Market |
| 12:24 | Construir | Farm |
| 12:26 | Construir | Farm |
| 12:28 | Construir | Farm |
| 12:38 | Construir | Farm |
| 12:52 | Construir | Farm |
| 13:01 | Investigar | Double-Bit Axe |
| 13:12 | Construir | Farm |
| 13:40 | Construir | Gate |
| 13:46 | Construir | Stone Wall |
| 13:47 | Construir | Stone Wall |
| 13:48 | Construir | Stone Wall |
| 13:50 | Construir | Stone Wall |
| 14:11 | Construir | Stone Wall |
| 14:36 | Construir | Stone Wall |
| 14:44 | Construir | Gate |
| 14:50 | Construir | Stone Wall |
| 14:59 | Construir | Mining Camp |
| 15:03 | Crear | Villager (Male) |
| 15:09 | Construir | Farm |
| 15:42 | Construir | Farm |
| 15:43 | Investigar | Horse Collar |
| 16:40 | Construir | Stone Wall |
| 16:55 | Crear | Villager (Male) |
| 16:56 | Crear | Villager (Male) |
| 16:56 | Crear | Villager (Male) |
| 16:56 | Crear | Villager (Male) |
| 16:56 | Crear | Villager (Male) |
| 17:28 | Construir | Stone Wall |
| 17:32 | Construir | Gate |
| 17:39 | Construir | Stone Wall |
| 18:00 | Construir | Farm |
| 18:12 | Construir | Mining Camp |
| 18:22 | Crear | Villager (Male) |
| 18:22 | Crear | Villager (Male) |
| 18:22 | Crear | Villager (Male) |
| 18:22 | Crear | Villager (Male) |
| 18:22 | Crear | Villager (Male) |
| 18:29 | Construir | Farm |
| 19:18 | Construir | Farm |
| 19:23 | Construir | Farm |
| 19:25 | Crear | Villager (Male) |
| 20:13 | Construir | Farm |
| 20:22 | Construir | House |
| 20:23 | Construir | House |
| 20:24 | Construir | House |
| 20:26 | Construir | House |
| 20:27 | Construir | House |
| 20:28 | Construir | House |
| 20:31 | Construir | House |
| 20:33 | Construir | House |
| 20:36 | Construir | House |
| 20:37 | Construir | House |
| 20:40 | Construir | House |
| 20:43 | Construir | House |
| 20:44 | Construir | House |
| 20:48 | Construir | House |
| 20:49 | Construir | House |
| 20:50 | Construir | House |
| 20:52 | Construir | House |
| 20:53 | Construir | House |
| 20:54 | Construir | House |
| 20:56 | Construir | House |
| 20:58 | Construir | House |
| 21:01 | Construir | House |
| 21:02 | Construir | House |
| 21:05 | Construir | House |
| 21:08 | Construir | House |
| 21:10 | Construir | House |
| 21:27 | Crear | Villager (Male) |
| 21:27 | Crear | Villager (Male) |
| 21:42 | Construir | Blacksmith |
| 21:53 | Construir | Stone Wall |
| 22:16 | Construir | Stone Wall |
| 22:29 | Construir | Farm |
| 22:59 | Construir | Farm |
| 23:03 | Investigar | Castle Age |
| 23:37 | Construir | Outpost |
| 23:38 | Construir | Outpost |
| 23:40 | Construir | Outpost |
| 23:42 | Construir | Outpost |
| 23:45 | Construir | Outpost |
| 23:48 | Construir | Outpost |
| 23:51 | Construir | Outpost |
| 23:53 | Construir | Outpost |
| 23:56 | Construir | Outpost |
| 24:38 | Construir | Farm |
| 25:43 | Edad | Edad de los Castillos |
| 25:48 | Construir | Town Center |
| 25:53 | Investigar | Wheelbarrow |
| 25:54 | Crear | Villager (Male) |
| 25:54 | Crear | Villager (Male) |
| 25:54 | Crear | Villager (Male) |
| 25:55 | Crear | Villager (Male) |
Build order — JunZero
Primeras 150 de 298 acciones detectadas
| 0:03 | Construir | House |
| 0:06 | Construir | House |
| 0:07 | Crear | Villager (Male) |
| 0:07 | Crear | Villager (Male) |
| 0:40 | Crear | Villager (Male) |
| 0:40 | Crear | Villager (Male) |
| 1:31 | Crear | Villager (Male) |
| 1:55 | Construir | Lumber Camp |
| 2:31 | Crear | Villager (Male) |
| 2:31 | Crear | Villager (Male) |
| 2:31 | Crear | Villager (Male) |
| 3:13 | Crear | Villager (Male) |
| 3:53 | Crear | Villager (Male) |
| 3:53 | Crear | Villager (Male) |
| 4:36 | Crear | Villager (Male) |
| 4:36 | Crear | Villager (Male) |
| 5:02 | Construir | House |
| 5:26 | Construir | House |
| 5:34 | Crear | Villager (Male) |
| 5:34 | Crear | Villager (Male) |
| 6:06 | Crear | Villager (Male) |
| 6:48 | Construir | Mill |
| 6:50 | Crear | Villager (Male) |
| 7:32 | Construir | Mining Camp |
| 7:38 | Crear | Villager (Male) |
| 7:38 | Crear | Villager (Male) |
| 8:07 | Investigar | Feudal Age |
| 8:27 | Construir | Lumber Camp |
| 8:40 | Construir | House |
| 8:41 | Construir | House |
| 9:07 | Construir | Barracks |
| 9:56 | Investigar | Loom |
| 9:56 | Crear | Villager (Male) |
| 9:57 | Crear | Villager (Male) |
| 10:38 | Edad | Edad Feudal |
| 10:56 | Construir | Stable |
| 11:26 | Construir | House |
| 12:01 | Crear | Villager (Male) |
| 12:01 | Crear | Villager (Male) |
| 12:01 | Crear | Villager (Male) |
| 12:06 | Crear | Scout Cavalry |
| 12:06 | Crear | Scout Cavalry |
| 12:48 | Construir | Farm |
| 12:48 | Construir | Farm |
| 12:49 | Construir | Farm |
| 12:49 | Construir | Farm |
| 12:53 | Construir | Farm |
| 12:54 | Construir | Farm |
| 13:03 | Construir | House |
| 13:08 | Crear | Scout Cavalry |
| 13:08 | Crear | Scout Cavalry |
| 13:35 | Construir | House |
| 13:42 | Crear | Villager (Male) |
| 13:42 | Crear | Villager (Male) |
| 13:48 | Investigar | Double-Bit Axe |
| 13:56 | Investigar | Horse Collar |
| 14:07 | Construir | Blacksmith |
| 15:17 | Crear | Scout Cavalry |
| 15:18 | Crear | Scout Cavalry |
| 16:29 | Construir | Palisade Wall |
| 16:32 | Construir | Palisade Wall |
| 16:33 | Construir | Palisade Wall |
| 16:53 | Construir | Gate |
| 17:34 | Construir | Market |
| 18:10 | Construir | Stone Wall |
| 18:54 | Investigar | Castle Age |
| 19:37 | Construir | Mining Camp |
| 19:41 | Crear | Villager (Male) |
| 19:41 | Crear | Villager (Male) |
| 20:02 | Investigar | Bloodlines |
| 20:10 | Construir | Farm |
| 20:26 | Construir | Farm |
| 20:26 | Construir | Farm |
| 20:27 | Construir | Farm |
| 20:30 | Construir | Farm |
| 21:34 | Edad | Edad de los Castillos |
| 22:02 | Construir | Town Center |
| 23:06 | Construir | Castle |
| 23:14 | Crear | Villager (Male) |
| 23:14 | Crear | Villager (Male) |
| 23:15 | Crear | Villager (Male) |
| 23:31 | Crear | Steppe Lancer |
| 23:31 | Crear | Steppe Lancer |
| 25:05 | Crear | Mangudai |
| 25:05 | Crear | Mangudai |
| 25:07 | Crear | Villager (Male) |
| 25:08 | Crear | Villager (Male) |
| 25:11 | Crear | Villager (Male) |
| 25:11 | Crear | Villager (Male) |
| 26:44 | Crear | Mangudai |
| 26:44 | Crear | Mangudai |
| 26:53 | Crear | Villager (Male) |
| 26:53 | Crear | Villager (Male) |
| 26:53 | Crear | Villager (Male) |
| 26:57 | Construir | Mining Camp |
| 27:08 | Crear | Villager (Male) |
| 27:09 | Crear | Villager (Male) |
| 27:09 | Crear | Villager (Male) |
| 27:18 | Construir | Town Center |
| 27:27 | Investigar | Bow Saw |
| 27:54 | Investigar | Gold Mining |
| 28:06 | Crear | Villager (Male) |
| 28:06 | Crear | Villager (Male) |
| 28:06 | Crear | Villager (Male) |
| 28:15 | Construir | Farm |
| 28:15 | Construir | Farm |
| 28:39 | Crear | Villager (Male) |
| 28:39 | Crear | Villager (Male) |
| 28:49 | Crear | Villager (Male) |
| 28:50 | Crear | Villager (Male) |
| 28:50 | Crear | Villager (Male) |
| 28:51 | Crear | Villager (Male) |
| 29:00 | Investigar | Wheelbarrow |
| 29:05 | Crear | Steppe Lancer |
| 29:06 | Crear | Steppe Lancer |
| 29:28 | Crear | Villager (Male) |
| 29:29 | Crear | Villager (Male) |
| 29:29 | Crear | Villager (Male) |
| 30:24 | Construir | Town Center |
| 30:26 | Crear | Villager (Male) |
| 30:26 | Crear | Villager (Male) |
| 30:26 | Crear | Villager (Male) |
| 30:26 | Crear | Villager (Male) |
| 32:25 | Crear | Villager (Male) |
| 32:25 | Crear | Villager (Male) |
| 32:25 | Crear | Villager (Male) |
| 32:28 | Investigar | Hand Cart |
| 32:36 | Crear | Steppe Lancer |
| 32:36 | Crear | Steppe Lancer |
| 32:36 | Crear | Steppe Lancer |
| 32:51 | Crear | Villager (Male) |
| 32:51 | Crear | Villager (Male) |
| 32:52 | Crear | Villager (Male) |
| 32:52 | Crear | Villager (Male) |
| 32:59 | Construir | Farm |
| 32:59 | Construir | Farm |
| 33:00 | Construir | Farm |
| 33:00 | Construir | Farm |
| 33:01 | Construir | Farm |
| 33:01 | Construir | Farm |
| 33:02 | Construir | Farm |
| 33:02 | Construir | Farm |
| 33:09 | Construir | Farm |
| 33:10 | Construir | Farm |
| 33:10 | Construir | Farm |
| 33:10 | Construir | Farm |
| 33:11 | Construir | Farm |
| 33:11 | Construir | Farm |
| 33:11 | Construir | Farm |
| 33:22 | Investigar | Heavy Plow |
Build order — Jhoan17
Primeras 150 de 264 acciones detectadas
| 0:03 | Crear | Villager (Male) |
| 0:03 | Crear | Villager (Male) |
| 0:04 | Crear | Villager (Male) |
| 0:04 | Crear | Villager (Male) |
| 0:06 | Construir | House |
| 0:08 | Construir | House |
| 1:25 | Crear | Villager (Male) |
| 1:47 | Crear | Villager (Male) |
| 1:52 | Construir | Lumber Camp |
| 2:12 | Crear | Villager (Male) |
| 2:54 | Crear | Villager (Male) |
| 3:02 | Construir | House |
| 3:27 | Investigar | Loom |
| 3:30 | Crear | Villager (Male) |
| 3:40 | Crear | Villager (Male) |
| 3:40 | Crear | Villager (Male) |
| 3:58 | Construir | Palisade Wall |
| 4:11 | Crear | Villager (Male) |
| 4:12 | Crear | Villager (Male) |
| 4:55 | Crear | Villager (Male) |
| 4:55 | Crear | Villager (Male) |
| 5:18 | Construir | Mining Camp |
| 6:02 | Construir | Barracks |
| 6:13 | Crear | Villager (Male) |
| 6:13 | Crear | Villager (Male) |
| 6:14 | Crear | Villager (Male) |
| 6:34 | Construir | House |
| 6:44 | Construir | Palisade Wall |
| 6:52 | Construir | House |
| 6:59 | Investigar | Loom |
| 7:23 | Construir | House |
| 7:30 | Construir | Palisade Wall |
| 7:52 | Construir | House |
| 8:08 | Crear | Villager (Male) |
| 8:30 | Construir | Palisade Wall |
| 8:41 | Construir | House |
| 8:57 | Investigar | Feudal Age |
| 9:24 | Construir | Mill |
| 10:06 | Construir | Farm |
| 10:07 | Construir | Farm |
| 10:36 | Construir | Farm |
| 10:39 | Crear | Villager (Male) |
| 10:39 | Crear | Villager (Male) |
| 10:53 | Construir | House |
| 11:02 | Construir | Farm |
| 11:05 | Construir | Farm |
| 11:07 | Edad | Edad Feudal |
| 11:15 | Construir | House |
| 11:29 | Crear | Spearman |
| 11:29 | Crear | Spearman |
| 11:38 | Crear | Villager (Male) |
| 12:08 | Construir | Archery Range |
| 12:50 | Construir | Farm |
| 12:52 | Crear | Archer |
| 12:52 | Crear | Archer |
| 12:52 | Crear | Archer |
| 13:04 | Investigar | Double-Bit Axe |
| 13:16 | Construir | Farm |
| 13:18 | Crear | Archer |
| 13:37 | Construir | Farm |
| 13:38 | Crear | Villager (Male) |
| 13:39 | Crear | Villager (Male) |
| 13:39 | Crear | Villager (Male) |
| 13:46 | Crear | Archer |
| 13:47 | Crear | Archer |
| 13:59 | Crear | Skirmisher |
| 13:59 | Crear | Skirmisher |
| 14:26 | Construir | Lumber Camp |
| 15:10 | Construir | Farm |
| 15:22 | Crear | Skirmisher |
| 15:22 | Crear | Skirmisher |
| 15:22 | Crear | Skirmisher |
| 15:23 | Crear | Skirmisher |
| 15:56 | Investigar | Gold Mining |
| 16:19 | Construir | Market |
| 17:12 | Construir | Stable |
| 17:30 | Construir | Blacksmith |
| 17:34 | Crear | Villager (Male) |
| 17:34 | Crear | Villager (Male) |
| 17:34 | Crear | Villager (Male) |
| 17:35 | Crear | Villager (Male) |
| 17:35 | Crear | Villager (Male) |
| 17:36 | Investigar | Wheelbarrow |
| 18:29 | Crear | Villager (Male) |
| 19:26 | Crear | Spearman |
| 19:56 | Investigar | Castle Age |
| 20:24 | Construir | Stable |
| 20:52 | Construir | House |
| 20:58 | Crear | Villager (Male) |
| 20:58 | Crear | Villager (Male) |
| 21:18 | Construir | Archery Range |
| 21:53 | Investigar | Fletching |
| 21:54 | Investigar | Padded Archer Armor |
| 21:57 | Investigar | Forging |
| 22:11 | Crear | Villager (Male) |
| 22:12 | Crear | Villager (Male) |
| 22:12 | Crear | Villager (Male) |
| 22:38 | Edad | Edad de los Castillos |
| 22:42 | Investigar | Horse Collar |
| 22:56 | Construir | Farm |
| 23:01 | Construir | House |
| 23:05 | Crear | Villager (Male) |
| 23:05 | Crear | Villager (Male) |
| 23:29 | Crear | Cavalry Archer |
| 23:30 | Crear | Cavalry Archer |
| 23:30 | Crear | Cavalry Archer |
| 23:30 | Crear | Cavalry Archer |
| 23:30 | Crear | Cavalry Archer |
| 23:42 | Crear | Fire Lancer |
| 23:42 | Crear | Fire Lancer |
| 23:47 | Crear | Cavalry Archer |
| 23:48 | Crear | Cavalry Archer |
| 24:04 | Investigar | Scale Barding Armor |
| 24:22 | Crear | Cavalry Archer |
| 24:22 | Crear | Cavalry Archer |
| 24:31 | Crear | Villager (Male) |
| 24:58 | Crear | Villager (Male) |
| 25:05 | Crear | Cavalry Archer |
| 25:05 | Crear | Cavalry Archer |
| 25:06 | Crear | Cavalry Archer |
| 25:55 | Investigar | Husbandry |
| 25:56 | Crear | Cavalry Archer |
| 25:57 | Crear | Cavalry Archer |
| 25:57 | Crear | Cavalry Archer |
| 25:57 | Crear | Cavalry Archer |
| 26:09 | Crear | Villager (Male) |
| 26:09 | Crear | Villager (Male) |
| 26:55 | Investigar | Pikeman (upgrade) |
| 26:56 | Crear | Spearman |
| 26:57 | Crear | Spearman |
| 26:57 | Crear | Spearman |
| 26:57 | Crear | Spearman |
| 26:57 | Crear | Spearman |
| 27:25 | Crear | Villager (Male) |
| 27:26 | Crear | Villager (Male) |
| 27:37 | Construir | Mill |
| 27:41 | Construir | Farm |
| 27:42 | Construir | Farm |
| 27:42 | Construir | Farm |
| 27:42 | Construir | Farm |
| 27:42 | Construir | Farm |
| 27:43 | Construir | Farm |
| 27:43 | Construir | Farm |
| 27:43 | Construir | Farm |
| 27:44 | Construir | Farm |
| 27:44 | Construir | Farm |
| 27:55 | Crear | Cavalry Archer |
| 27:55 | Crear | Cavalry Archer |
| 28:21 | Crear | Villager (Male) |
| 28:21 | Crear | Villager (Male) |
Build order — Sabadier
Primeras 150 de 239 acciones detectadas
| 0:04 | Construir | House |
| 0:06 | Construir | House |
| 0:08 | Crear | Villager (Male) |
| 0:08 | Crear | Villager (Male) |
| 0:09 | Crear | Villager (Male) |
| 0:09 | Crear | Villager (Male) |
| 1:45 | Crear | Villager (Male) |
| 1:56 | Crear | Villager (Male) |
| 2:23 | Crear | Villager (Male) |
| 2:48 | Construir | Lumber Camp |
| 2:55 | Crear | Villager (Male) |
| 2:55 | Crear | Villager (Male) |
| 2:55 | Crear | Villager (Male) |
| 3:40 | Crear | Villager (Male) |
| 3:47 | Construir | House |
| 4:21 | Investigar | Loom |
| 4:21 | Crear | Villager (Male) |
| 4:21 | Crear | Villager (Male) |
| 5:18 | Construir | Mill |
| 5:21 | Crear | Villager (Male) |
| 5:28 | Construir | House |
| 5:39 | Crear | Villager (Male) |
| 5:39 | Crear | Villager (Male) |
| 6:19 | Crear | Villager (Male) |
| 6:31 | Construir | House |
| 6:39 | Construir | Palisade Wall |
| 6:51 | Crear | Villager (Male) |
| 7:39 | Construir | Palisade Wall |
| 7:42 | Crear | Villager (Male) |
| 8:14 | Construir | Barracks |
| 8:28 | Investigar | Feudal Age |
| 9:15 | Construir | Palisade Wall |
| 9:41 | Construir | House |
| 10:03 | Crear | Villager (Male) |
| 10:03 | Crear | Villager (Male) |
| 10:03 | Crear | Villager (Male) |
| 10:19 | Construir | Palisade Wall |
| 10:35 | Construir | Palisade Wall |
| 10:38 | Edad | Edad Feudal |
| 10:42 | Crear | Spearman |
| 10:42 | Crear | Spearman |
| 10:44 | Crear | Spearman |
| 10:45 | Crear | Villager (Male) |
| 10:46 | Crear | Villager (Male) |
| 10:46 | Crear | Villager (Male) |
| 11:09 | Construir | Mining Camp |
| 11:36 | Construir | Palisade Wall |
| 11:48 | Construir | Lumber Camp |
| 12:10 | Crear | Villager (Male) |
| 12:34 | Construir | House |
| 12:52 | Crear | Villager (Male) |
| 12:52 | Crear | Villager (Male) |
| 12:52 | Crear | Villager (Male) |
| 12:59 | Investigar | Double-Bit Axe |
| 13:06 | Crear | Villager (Male) |
| 13:11 | Construir | Farm |
| 13:32 | Construir | House |
| 13:39 | Construir | Farm |
| 14:04 | Construir | Archery Range |
| 14:19 | Construir | Farm |
| 14:29 | Investigar | Wheelbarrow |
| 14:36 | Construir | Farm |
| 15:05 | Construir | Farm |
| 15:07 | Construir | Farm |
| 15:09 | Construir | Farm |
| 15:25 | Crear | Skirmisher |
| 15:25 | Crear | Skirmisher |
| 15:46 | Construir | Mining Camp |
| 15:56 | Construir | Farm |
| 16:06 | Construir | Farm |
| 16:15 | Construir | Farm |
| 16:26 | Crear | Villager (Male) |
| 16:28 | Crear | Villager (Male) |
| 16:52 | Construir | Blacksmith |
| 17:04 | Investigar | Town Watch |
| 17:15 | Construir | Farm |
| 17:22 | Construir | Farm |
| 17:31 | Investigar | Horse Collar |
| 17:39 | Crear | Villager (Male) |
| 17:58 | Crear | Villager (Male) |
| 18:01 | Construir | House |
| 18:04 | Construir | House |
| 18:13 | Construir | House |
| 18:26 | Construir | Farm |
| 18:32 | Construir | Farm |
| 18:45 | Construir | Market |
| 19:05 | Construir | Farm |
| 19:29 | Investigar | Castle Age |
| 20:14 | Construir | Palisade Wall |
| 20:27 | Investigar | Scale Mail Armor |
| 20:28 | Investigar | Fletching |
| 20:29 | Investigar | Forging |
| 21:35 | Investigar | Arson |
| 21:57 | Construir | Barracks |
| 22:09 | Edad | Edad de los Castillos |
| 22:13 | Investigar | Chain Mail Armor |
| 22:21 | Investigar | Squires |
| 22:35 | Construir | Town Center |
| 22:42 | Crear | Villager (Male) |
| 22:42 | Crear | Villager (Male) |
| 22:42 | Crear | Villager (Male) |
| 22:42 | Crear | Villager (Male) |
| 22:45 | Investigar | Bow Saw |
| 23:12 | Investigar | Pikeman (upgrade) |
| 23:26 | Crear | Villager (Male) |
| 23:49 | Construir | Barracks |
| 24:05 | Construir | Town Center |
| 24:14 | Crear | Villager (Male) |
| 24:15 | Crear | Villager (Male) |
| 24:15 | Crear | Villager (Male) |
| 24:22 | Crear | Villager (Male) |
| 24:22 | Crear | Villager (Male) |
| 24:22 | Crear | Villager (Male) |
| 24:23 | Crear | Villager (Male) |
| 24:56 | Construir | Farm |
| 25:07 | Investigar | Gold Mining |
| 25:14 | Crear | Spearman |
| 25:15 | Crear | Spearman |
| 25:15 | Crear | Spearman |
| 25:16 | Crear | Spearman |
| 25:16 | Crear | Spearman |
| 25:17 | Crear | Unit 1974 |
| 25:23 | Construir | Farm |
| 25:45 | Construir | Farm |
| 25:49 | Crear | Villager (Male) |
| 26:31 | Crear | Villager (Male) |
| 26:31 | Crear | Villager (Male) |
| 26:32 | Crear | Villager (Male) |
| 26:35 | Crear | Villager (Male) |
| 26:36 | Crear | Villager (Male) |
| 27:16 | Investigar | Hand Cart |
| 27:27 | Construir | Farm |
| 27:29 | Construir | Farm |
| 27:43 | Crear | Villager (Male) |
| 28:00 | Crear | Unit 1974 |
| 28:00 | Crear | Unit 1974 |
| 28:01 | Crear | Unit 1974 |
| 28:01 | Crear | Unit 1974 |
| 28:01 | Crear | Unit 1974 |
| 28:02 | Crear | Unit 1974 |
| 28:02 | Crear | Unit 1974 |
| 28:30 | Construir | Monastery |
| 28:40 | Construir | House |
| 28:41 | Construir | House |
| 28:46 | Crear | Villager (Male) |
| 28:46 | Crear | Villager (Male) |
| 28:46 | Crear | Villager (Male) |
| 28:47 | Crear | Villager (Male) |
| 29:14 | Crear | Monk |
| 29:15 | Investigar | Sanctity |
Cronología de la partida
| 3:58 | Jhoan17 · wall_segment Palisade Wall x11 |
| 6:02 | Jhoan17 · first_building Barracks |
| 6:08 | Rasslord · wall_segment Palisade Wall x12 |
| 6:39 | Sabadier · wall_segment Palisade Wall x5 |
| 6:44 | Jhoan17 · wall_segment Palisade Wall x6 |
| 7:30 | Jhoan17 · wall_segment Palisade Wall x5 |
| 7:39 | Sabadier · wall_segment Palisade Wall x12 |
| 7:58 | Rasslord · wall_segment Palisade Wall x9 |
| 8:14 | Sabadier · first_building Barracks |
| 8:30 | Jhoan17 · wall_segment Palisade Wall x8 |
| 8:34 | Skyrend · first_building Barracks |
| 8:35 | HeadsetedVix · first_building Barracks |
| 9:05 | Skyrend · wall_segment Palisade Wall x3 |
| 9:05 | Rasslord · wall_segment Palisade Wall x12 |
| 9:07 | JunZero · first_building Barracks |
| 9:15 | Sabadier · wall_segment Palisade Wall x8 |
| 9:24 | Rasslord · wall_segment Palisade Wall x20 |
| 9:31 | Rasslord · wall_segment Palisade Wall x15 |
| 9:33 | Skyrend · wall_segment Palisade Wall x7 |
| 9:38 | Skyrend · wall_segment Palisade Wall x3 |
| 9:40 | Skyrend · wall_segment Palisade Wall x1 |
| 9:50 | Skyrend · wall_segment Palisade Wall x4 |
| 10:00 | Skyrend · age_up feudal |
| 10:01 | Skyrend · first_building Archery Range |
| 10:15 | HeadsetedVix · wall_segment Palisade Wall x1 |
| 10:19 | Sabadier · wall_segment Palisade Wall x6 |
| 10:31 | Skyrend · wall_segment Palisade Wall x10 |
| 10:35 | Sabadier · wall_segment Palisade Wall x10 |
| 10:38 | JunZero · age_up feudal |
| 10:38 | Sabadier · age_up feudal |
| 10:56 | JunZero · first_building Stable |
| 11:07 | Jhoan17 · age_up feudal |
| 11:36 | Sabadier · wall_segment Palisade Wall x10 |
| 11:38 | Skyrend · wall_segment Palisade Wall x5 |
| 11:49 | Ozs.King · age_up feudal |
| 11:58 | Rasslord · wall_segment Palisade Wall x12 |
| 12:08 | Jhoan17 · first_building Archery Range |
| 12:16 | Skyrend · wall_segment Palisade Wall x10 |
| 13:00 | Skyrend · wall_segment Palisade Wall x17 |
| 13:08 | Rasslord · first_building Barracks |
| 13:11 | HeadsetedVix · first_building Stable |
| 13:14 | Rasslord · wall_segment Palisade Wall x5 |
| 13:18 | HeadsetedVix · wall_segment Palisade Wall x3 |
| 13:46 | Ozs.King · wall_segment Stone Wall x1 |
| 13:47 | Ozs.King · wall_segment Stone Wall x1 |
| 13:48 | Ozs.King · wall_segment Stone Wall x1 |
| 13:50 | Ozs.King · wall_segment Stone Wall x1 |
| 13:56 | Rasslord · age_up feudal |
| 14:04 | Sabadier · first_building Archery Range |
| 14:11 | Ozs.King · wall_segment Stone Wall x12 |
| 14:23 | Ozs.King · first_market_sell 100 food |
| 14:25 | Ozs.King · first_market_buy 100 stone |
| 14:36 | Ozs.King · wall_segment Stone Wall x14 |
| 14:45 | HeadsetedVix · wall_segment Palisade Wall x3 |
| 14:50 | Ozs.King · wall_segment Stone Wall x19 |
| 14:59 | Rasslord · first_building Archery Range |
| 16:29 | JunZero · wall_segment Palisade Wall x7 |
| 16:32 | JunZero · wall_segment Palisade Wall x4 |
| 16:33 | JunZero · wall_segment Palisade Wall x1 |
| 16:40 | Ozs.King · wall_segment Stone Wall x19 |
| 16:51 | Rasslord · first_market_buy 100 wood |
| 17:05 | Jhoan17 · first_market_buy 100 wood |
| 17:12 | Jhoan17 · first_building Stable |
| 17:28 | Ozs.King · wall_segment Stone Wall x13 |
| 17:39 | Ozs.King · wall_segment Stone Wall x11 |
| 17:54 | HeadsetedVix · wall_segment Palisade Wall x3 |
| 18:01 | Jhoan17 · first_market_sell 100 stone |
| 18:10 | JunZero · wall_segment Stone Wall x1 |
| 18:41 | JunZero · first_market_sell 100 stone |
| 18:41 | Rasslord · age_up castle |
| 18:45 | HeadsetedVix · first_building Archery Range |
| 18:48 | JunZero · first_market_buy 100 food |
| 19:43 | Skyrend · first_market_buy 100 food |
| 20:02 | HeadsetedVix · wall_segment Palisade Wall x4 |
| 20:14 | Sabadier · wall_segment Palisade Wall x1 |
| 20:34 | Skyrend · first_building Stable |
| 21:34 | JunZero · age_up castle |
| 21:53 | Ozs.King · wall_segment Stone Wall x1 |
| 22:09 | Sabadier · age_up castle |
| 22:16 | Ozs.King · wall_segment Stone Wall x1 |
| 22:38 | Skyrend · age_up castle |
| 22:38 | Jhoan17 · age_up castle |
| 22:52 | Skyrend · first_building Castle |
| 23:06 | JunZero · first_building Castle |
| 23:09 | Rasslord · first_market_sell 100 wood |
| 24:57 | Skyrend · first_building Siege Workshop |
| 25:43 | Ozs.King · age_up castle |
| 26:44 | Ozs.King · first_building Monastery |
| 27:47 | Skyrend · first_market_sell 100 stone |
| 28:30 | Sabadier · first_building Monastery |
| 29:56 | Rasslord · first_building Castle |
| 31:07 | Ozs.King · tribute_sent a jugador 1 |
| 31:07 | Ozs.King · tribute_sent a jugador 2 |
| 31:07 | Ozs.King · tribute_sent a jugador 4 |
| 31:07 | Ozs.King · tribute_sent a jugador 5 |
| 31:07 | Ozs.King · tribute_sent a jugador 6 |
| 31:07 | Ozs.King · tribute_sent a jugador 7 |
| 31:09 | Sabadier · first_building Castle |
| 32:37 | HeadsetedVix · first_building Monastery |
| 33:06 | HeadsetedVix · first_building Castle |
| 33:37 | Jhoan17 · first_building Castle |
| 35:05 | Ozs.King · age_up imperial |
| 35:14 | Ozs.King · first_building Castle |
| 36:06 | Jhoan17 · first_building Monastery |
| 36:07 | Ozs.King · first_building Siege Workshop |
| 36:25 | JunZero · first_building Monastery |
| 36:53 | Ozs.King · first_building Barracks |
| 37:59 | Ozs.King · first_building Stable |
| 38:07 | Sabadier · age_up imperial |
| 39:25 | JunZero · age_up imperial |
| 39:45 | Rasslord · age_up imperial |
| 40:06 | JunZero · first_building Siege Workshop |
| 40:34 | Skyrend · first_building Monastery |
| 41:48 | HeadsetedVix · first_market_sell 500 wood |
| 44:06 | Jhoan17 · age_up imperial |
| 44:59 | Skyrend · resign |
[ ANÁLISIS IA · 1 CRÉDITO ]
¿Qué pasó realmente en esta partida?
Wolo.gg analiza cada decisión: build order, eco, micro, errores típicos por bracket. Análisis personalizado por WhatsApp o Discord en 30 segundos.
Guía civ
Japoneses
Guía mapa
Arabia
Perfil
Jugador #4053089